 Dungeon Crawl Stone Soup version 0.17-a0-910-ga669010 (webtiles) character file.

60 hornqvist the Shield-Bearer (level 4, 0/35 HPs)
             Began as a Formicid Fighter on May 2, 2015.
             Was an Initiate of Gozag.
             Slain by Terence
             ... wielding a +2 trident of protection
              (5 damage)
             ... on level 3 of the Dungeon.
             The game lasted 00:01:31 (1649 turns).

hornqvist the Shield-Bearer (Formicid Fighter)      Turns: 1649, Time: 00:01:31

Health: 0/35       AC:  9    Str: 22    XL:     4   Next: 25%
Magic:  4/4        EV:  6    Int:  7    God:    Gozag
Gold:   138        SH:  9    Dex: 10    Spells: 0 memorised, 3 levels left

rFire  . . .     SeeInvis +     a - +0 war axe
rCold  . . .     Clarity  .     l - +0 chain mail
rNeg   . . .     SustAb   .     c - +0 shield
rPois  .         Gourm    .     (helmet unavailable)
rElec  .         Spirit   .     (no cloak)
rCorr  .         Warding  .     (no gloves)
rMut   .         Stasis   +     (no boots)
MR     .....                    (no amulet)
Stlth  ..........               (no ring)
                                (no ring)

@: not resistant to hostile enchantments, extremely unstealthy
A: permanent stasis, dig shafts and tunnels, four strong arms, antennae 3
a: Dig, Shaft Self, Potion Petition, Call Merchant, Bribe Branch, Renounce
Religion


You were on level 3 of the Dungeon.
You worshipped Gozag.
Gozag was noncommittal.
You were not hungry.

You visited 1 branch of the dungeon, and saw 3 of its levels.

You collected 162 gold pieces.
You paid 24 gold pieces to Gozag.

Inventory:

Hand weapons
 a - a +0 war axe (weapon)
Armour
 b - a +0 scale mail
 c - a +0 shield (worn)
 l - a +0 chain mail (worn)
Scrolls
 g - a scroll of teleportation {unknown}
 j - a scroll of remove curse {unknown}
 m - a scroll of recharging {unknown}
 n - a scroll of blinking {unknown}
 o - 2 scrolls of identify {unknown}
 p - a scroll of noise {unknown}
 s - a scroll of immolation {unknown}
Potions
 d - a potion of might
 f - a potion of haste {unknown}
 h - a potion of brilliance {unknown}
 k - 2 potions of curing {unknown}
 q - 2 potions of invisibility {unknown}
 r - a potion of ambrosia {unknown}
 t - a potion of agility {unknown}
 u - a potion of lignification {unknown}
 v - a potion of degeneration {unknown}
Comestibles
 e - 2 bread rations
 i - 2 slices of pizza


   Skills:
 - Level 3.2 Fighting
 * Level 3.6 Axes
 - Level 3.2 Armour
 + Level 4.4 Shields


You had 3 spell levels left.
You didn't know any spells.

Dungeon Overview and Level Annotations

Branches:
Dungeon (3/15)

Altars:
Gozag
The Shining One

Annotations:
D:3 Terence


Innate Abilities, Weirdness & Mutations

You are under a permanent stasis effect.
You can dig through walls and to a lower floor.
Your four strong arms can wield two-handed weapons with a shield.
You have a pair of large antennae on your head (SInv).


Message History

The bat barely misses you.
Terence hits you from afar with a trident of protection.
* * * LOW HITPOINT WARNING * * *
You take 4 damage, and have 8/35 hp.
You barely miss the bat. The bat hits you but does no damage.
The bat hits you but does no damage. Terence hits you but does no damage.
The bat hits you but does no damage.
Unknown command.
You bump into the rock wall.
You feel less confused. You block the bat's attack.
Terence hits you from afar with a trident of protection.
* * * LOW HITPOINT WARNING * * *
You take 3 damage, and have 5/35 hp.
Unknown command.
You closely miss the bat. The bat hits you but does no damage.
You block the bat's attack.
Terence hits you from afar with a trident of protection.
You die...
Your body crumbles into a pile of gold.

#.........# #.........#
####.........# ######
.............### #....####
####...........# #......$..
####.###....# #.......$..
#..##....# #..........
########.##....####..........
..........+...('@b@...........
########..#....####...........
##.#....# #..>........
#......# #.......... ##......
#.######### #....... #.#
#.####.. ..# . .....# . ....


You could see Terence and a bat.

Vanquished Creatures
  2 adders
  2 worms (D:2)
  5 giant cockroaches
  4 goblins
  3 hobgoblins
  A ball python (D:2)
  6 bats
  7 giant newts
  5 kobolds
  5 rats
40 creatures vanquished.

Vanquished Creatures (others)
  A goblin (D:3)
1 creature vanquished.

Grand Total: 41 creatures vanquished

Notes
Turn   | Place    | Note
--------------------------------------------------------------
     0 | D:1      | hornqvist, the Formicid Fighter, began the quest for the Orb.
     0 | D:1      | Reached XP level 1. HP: 18/18 MP: 1/1
   336 | D:1      | Reached XP level 2. HP: 21/24 MP: 2/2
   563 | D:1      | Reached skill level 4 in Shields
   830 | D:2      | Reached XP level 3. HP: 29/29 MP: 3/3
  1011 | D:2      | Found an opulent altar of Gozag.
  1122 | D:2      | Found a glowing golden altar of the Shining One.
  1170 | D:2      | Became a worshipper of Gozag Ym Sagoz the Greedy
  1489 | D:2      | Reached XP level 4. HP: 33/35 MP: 4/4
  1603 | D:3      | Noticed Terence
  1649 | D:3      | Slain by Terence

Action                   |  1- 3 |  4- 6 || total
-------------------------+-------+-------++-------
Melee: War axe           |   108 |    11 ||   119
  Eat: Chunk             |     1 |       ||     1
       Beef jerky        |       |     1 ||     1
